 Dungeon Crawl Stone Soup version 0.30.0-29-ga12c61a403 (webtiles) character file.

Game seed: 2569552103384103979

126 cheesebisquit the Ruffian (level 4, -6/45 HPs)
             Began as a Troll Fighter on June 12, 2023.
             Killed by divine providence
             ... invoked by an orc priest
              (15 damage)
             ... on level 3 of the Dungeon.
             The game lasted 00:03:39 (1766 turns).

cheesebisquit the Ruffian (Troll Fighter)           Turns: 1766, Time: 00:03:40

Health: -6/45      AC:  2    Str: 24    XL:     4   Next: 84%
Magic:  3/3        EV:  8    Int:  6    God:
Gold:   134        SH:  8    Dex:  9    Spells: 3/3 levels left

rFire   . .          .
                       - Unarmed
rCold   . . .        b - +0 kite shield
rNeg    . . .        q - +2 robe {Archmagi}
rPois   .            (helmet restricted)
rElec   .            (no cloak)
rCorr   +            (gloves unavailable)
SInv    .            (boots unavailable)
Will    +....        (no amulet)
Stlth   +            e - ring of resist corrosion
HPRegen 1.07/turn    r - ring of willpower
MPRegen 0.08/turn

%: archmagi
@: corroded
A: large, unfitting armour, claws 3, regeneration 1, shaggy fur 1, tough skin 1
a: no special abilities


You were on level 3 of the Dungeon.
You visited 1 branch of the dungeon, and saw 3 of its levels.

You collected 134 gold pieces.

Inventory:

Missiles
 l - 9 poisoned darts (quivered)
Armour
 b - a +0 kite shield (worn)
 q - a +2 robe of the Archmagi (worn)
Jewellery
 e - a ring of resist corrosion (left claw)
 o - a ring of protection from cold
 r - a ring of willpower (right claw)
Scrolls
 a - a scroll of immolation {unknown}
 d - 4 scrolls of noise {unknown}
 j - 2 scrolls of poison {unknown}
 m - a scroll of silence {unknown}
 p - 3 scrolls of identify {unknown}
Potions
 c - a potion of might
 f - a potion of cancellation {unknown}
 g - a potion of degeneration {unknown}
 h - 2 potions of curing {unknown}
 i - a potion of attraction {unknown}
 k - 2 potions of lignification {unknown}
 n - a potion of heal wounds {unknown}
 s - a potion of brilliance {unknown}


   Skills:
 + Level 3.1 Fighting
 - Level 2.4 Dodging
 + Level 3.4 Shields
 * Level 3.9 Unarmed Combat


You had 3 spell levels left.
You didn't know any spells.
Your spell library contained the following spells:

 Spells                   Type           Power      Damage    Failure   Level
 Kiss of Death            Conj/Necr      0%         2d5       71%         1
 Blink                    Tloc           0%         N/A       85%         2
 Cigotuvi's Dreadful Rot  Necr/Pois/Air  0%         N/A       85%         2
 Lesser Beckoning         Tloc           0%         N/A       85%         2
 Momentum Strike          Conj/Tloc      0%         3d8       85%         2
 Confusing Touch          Hex            0%         N/A       97%         3
 Gell's Gravitas          Tloc           0%         N/A       97%         3
 Ignite Poison            Fire/Tmut/Pois 0%         N/A       97%         3
 Teleport Other           Tloc           0%         N/A       97%         3
 Dispel Undead            Necr           0%         3d6       100%        4
 Freezing Cloud           Conj/Ice/Air   0%         6-21      100%        5


Dungeon Overview and Level Annotations

Branches:
Dungeon (3/15)

Altars:
Nemelex Xobeh

Annotations:
D:3 Ijyb


Innate Abilities, Weirdness & Mutations

You are too large for most types of armour.
You have claws for hands.
Your natural rate of healing is unusually fast.
You are covered in fur. (AC +1)
You have tough skin. (AC +1)


Message History

The orc wizard hits you with a +0 dagger.
You scratch the orc.
You kill the orc!
The orc wizard hits you but does no damage.
You barely miss the orc wizard.
The orc wizard is moderately wounded.
Ijyb closely misses you. The orc wizard barely misses you.
You claw the orc wizard!
The orc wizard is almost dead.
Ijyb barely misses you.
The orc wizard hits you with a +0 dagger.
You claw the orc wizard!
You kill the orc wizard!
Ijyb zaps a wand.
The bolt of acid misses you.
You claw the orc priest!
The orc priest is severely wounded.
You block Ijyb's attack.
The orc priest hits you with a +0 flail.
You scratch the orc priest but do no damage.
The orc priest is severely wounded.
You block Ijyb's attack. You block the orc priest's attack.
You closely miss the orc priest.
The orc priest is severely wounded.
Ijyb barely misses you. The orc priest closely misses you.
You scratch the orc priest.
The orc priest is almost dead.
Ijyb zaps a wand.
The bolt of acid hits you! You resist. The acid corrodes you!
The orc priest hits you with a +0 flail.
You barely miss the orc priest.
The orc priest is almost dead.
Ijyb closely misses you.
The orc priest hits you with a +0 flail!
* * * LOW HITPOINT WARNING * * *
You closely miss the orc priest.
The orc priest is almost dead.
Ijyb hits you with a +0 club.
* * * LOW HITPOINT WARNING * * *
The orc priest invokes the aid of Beogh against you.
Beogh smites you!
You die...

#.#.#.#.....
#.#.......#.
#.###.#...#.
#.###.......
#.....#####. ####### #..
..# #.. ########.# #..
#g@......# #..
......o#......# #..
.......#.###..########..
.......#......##........
.......#..#.............
.......#..#...##........
..............######.#..
..<....##.#.### #.... .
#.#. .....


You could see Ijyb and an orc priest.

Vanquished Creatures
  An orc wizard (D:3)
  Jessica (D:2)
  3 adders
  3 dart slugs
  2 orcs (D:3)
  2 endoplasms (D:1)
  A giant cockroach (D:2)
  2 goblins (D:1)
  3 hobgoblins
  2 jackals (D:1)
  4 kobolds
  A quokka (D:2)
  4 ball pythons
  4 bats
  4 frilled lizards
  4 rats
41 creatures vanquished.

Notes
Turn   | Place    | Note
-------+----------+-------------------------------------------
     0 | D:1      | cheesebisquit the Troll Fighter began the quest for the
                  | Orb.
     0 | D:1      | Reached XP level 1. HP: 22/22 MP: 0/0
   286 | D:1      | Reached XP level 2. HP: 25/29 MP: 1/1
   916 | D:2      | Reached XP level 3. HP: 36/36 MP: 2/2
  1012 | D:2      | Found a sparkling altar of Nemelex Xobeh.
  1242 | D:2      | Noticed Jessica
  1247 | D:2      | Killed Jessica
  1248 | D:2      | Reached XP level 4. HP: 44/44 MP: 3/3
  1519 | D:2      | Found a faded altar of an unknown god.
  1751 | D:3      | Noticed Ijyb
  1766 | D:3      | Killed from afar by an orc priest

Illustrated notes

Levels and vault maps discovered:
D:1:      dpeg_arrival_simpleton_a, layout_loops_corners, kennysheep_nondescript
D:2:      layout_loops_ring, dreamdust_ecumenical_altar_hidden_monk_grotto,
          basic_altar, uniq_jessica
D:3:      layout_loops_cross, uniq_ijyb

Skill      XL: |  1  2  3  4 |
---------------+-------------+-----
Shields        | 3 |  3.4
Unarmed Combat | 3 |  3.9
Fighting       | 3 |  3.1
Dodging        | |  2.4

Action                     |  1- 3 |  4- 6 || total
---------------------------+-------+-------++-------
  Melee: Unarmed           |    78 |    39 ||   117
   Stab: Sleeping          |     1 |       ||     1
 Armour: Robe              |    27 |    11 ||    38
  Dodge: Dodged            |    24 |    13 ||    37
  Block: Kite shield       |    24 |    11 ||    35
